 Dungeon Crawl Stone Soup version 0.30.1-11-g7821555f0a (console) character file.

Game seed: 9532550850694016870

169 JoeltCo the Stinger (level 5, -4/42 HPs)
             Began as a Naga Venom Mage on Jan 10, 2024.
             Slain by Grinder (9 damage)
             ... on level 4 of the Dungeon.
             The game lasted 00:08:16 (2821 turns).

JoeltCo the Stinger (Naga Venom Mage)               Turns: 2821, Time: 00:08:16

Health: -4/42      AC:  3    Str: 11    XL:     5   Next: 50%
Magic:  10/10      EV: 10    Int: 17    God:
Gold:   132        SH:  0    Dex: 15    Spells: 4/10 levels left

rFire   . . .        f - +5 lajatang of Wealth {heavy, Dex+4}
rCold   . . .        (shield currently unavailable)
rNeg    . . .        a - +1 robe
rPois   +            (no helmet)
rElec   .            (no cloak)
rCorr   .            (no gloves)
SInv    +            (no barding)
Will    .....        l - amulet of magic regeneration
Stlth   ++           (no ring)
HPRegen 0.27/turn    (no ring)
MPRegen 0.52/turn

%: no passive effects
@: brilliant, very slow
A: AC +1, large, see invisible, deformed body, poison resistance, slowness 2,
spit poison 1, naga tail 1
a: Spit Poison


You were on level 4 of the Dungeon.
You visited 1 branch of the dungeon, and saw 4 of its levels.

You collected 132 gold pieces.

Inventory:

Hand Weapons
 f - the +5 lajatang of Wealth (weapon) {heavy, Dex+4}
   (You acquired it on level 1 of the Dungeon)

   Dex:       It affects your dexterity (+4).
Armour
 a - a +1 robe (worn)
Jewellery
 l - an amulet of magic regeneration (around neck)
Wands
 i - a wand of mindburst (11)
Scrolls
 c - a scroll of brand weapon
 d - a scroll of enchant armour
 g - 3 scrolls of teleportation
 k - a scroll of immolation
Potions
 h - a potion of mutation {unknown}
 j - a potion of ambrosia {unknown}


   Skills:
 + Level 2.1 Staves
 - Level 1.5 Dodging
 - Level 3.0 Stealth
 + Level 3.4 Spellcasting
 - Level 1.0 Transmutations
 + Level 5.8 Poison Magic


You had 4 spell levels left.
You knew the following spells:

 Your Spells              Type           Power      Damage    Failure   Level
a - Sting                 Tmut/Pois      84%        1d7       4%          1
b - Poisonous Vapours     Pois/Air       38%        N/A       8%          2
c - Mephitic Cloud        Conj/Pois/Air  14%        N/A       22%         3

Your spell library contained the following spells:

 Spells                   Type           Power      Damage    Failure   Level
 Spider Form              Tmut/Pois      21%        N/A       12%         3
 Olgreb's Toxic Radiance  Pois           34%        N/A       16%         4
 Sandblast                Erth           8%         2d5       17%         1
 Shock                    Conj/Air       16%        1d4       17%         1
 Passwall                 Tmut/Erth      5%         N/A       21%         2
 Ensorcelled Hibernation  Hex/Ice        8%         N/A       26%         2
 Stone Arrow              Conj/Erth      8%         3d7       45%         3
 Swiftness                Air            4%         N/A       45%         3
 Airstrike                Air            2%         2d(1-17)  86%         4
 Anguish                  Hex/Necr       2%         N/A       86%         4
 Summon Forest            Summ/Tloc      2%         N/A       99%         5
 Summon Mana Viper        Hex/Summ       4%         N/A       99%         5
 Summon Cactus Giant      Summ           2%         N/A       100%        6


Dungeon Overview and Level Annotations

Branches:
Dungeon (4/15)
 Temple: D:4-7

Altars:
Qazlal

Annotations:
D:4 Grinder


Innate Abilities, Weirdness & Mutations

Your serpentine skin is tough. (AC +1)
You have supernaturally acute eyesight. (SInv)
Armour fits poorly on your strangely shaped body.
Your system is resistant to poisons. (rPois)
You cover ground very slowly.
You can spit poison.
You have a snake-like lower body.


Message History

You can move again.
Unknown command.
Unknown command.
Grinder is nearby!
Grinder is nearby!
You feel clever all of a sudden.
Grinder says, "Make like a tree!"
Casting: Sting (safe; 4% risk of failure)
Confirm with . or Enter, or press ? or * to list all spells.
You can't see any susceptible monsters within range! (Use Z to cast anyway.)
Casting: Sting (safe; 4% risk of failure)
Confirm with . or Enter, or press ? or * to list all spells.
You can't see any susceptible monsters within range! (Use Z to cast anyway.) Grinder looks more healthy.
Your magical contamination has completely faded away.
Casting: Sting (safe; 4% risk of failure)
Confirm with . or Enter, or press ? or * to list all spells.
Aiming: Sting (safe; 4% risk of failure)
Press: ? - help, Shift-Dir - straight line, f/p - Grinder
Aim: Grinder (lightly wounded, 73% to hit)
You feel a surge of power!
The sting hits Grinder.
Grinder partially resists.
Grinder is lightly wounded.
Grinder barely misses you.
Unknown command.
You slash Grinder!
Grinder is heavily wounded.
A ball python comes into view.
Grinder hits you.
* * * LOW HITPOINT WARNING * * *
You writhe in agony.
* * * LOW HITPOINT WARNING * * *
Grinder hits you!
* * * LOW HITPOINT WARNING * * *
You barely miss Grinder.
Grinder is moderately wounded.
Grinder hits you but does no damage.
You closely miss Grinder.
Grinder is moderately wounded.
Grinder hits you!
You die...

#..♣♣♣♣♣.#..###...#..<...#
#...........#...#........#
#....PP.............##....#
##.#.......#..#...... .....
##.##.....##........ .....
#...#.....###....## #....
#..........#....... ...#
##...............# ...#
##...)..#........#.
#.....[.#.5........
#........).@<......#
##.........)†...#...
###..#.....###.#
##.#...S... .# ............
.# #.......#.##.. ..
...##...### . . ..# .....


You could see Grinder and a ball python (wandering).

Vanquished Creatures
  A scorpion (D:4)
  4 adders
  A shadow imp (D:4)
  A worm (D:3)
  2 dart slugs (D:1)
  2 orcs
  An endoplasm (D:1)
  4 giant cockroaches
  5 goblins
  4 hobgoblins
  2 quokkas (D:1)
  9 ball pythons
  7 bats
  10 frilled lizards
  8 kobolds
  2 rats (D:1)
63 creatures vanquished.

Notes
Turn   | Place    | Note
-------+----------+-------------------------------------------
     0 | D:1      | JoeltCo the Naga Venom Mage began the quest for the Orb.
     0 | D:1      | Reached XP level 1. HP: 15/15 MP: 3/3
   111 | D:1      | Reached XP level 2. HP: 8/22 MP: 0/5
   555 | D:1      | Reached XP level 3. HP: 28/28 MP: 2/7
   681 | D:1      | Identified a scroll of acquirement
   681 | D:1      | Acquired the +5 lajatang of Wealth {heavy, Dex+4}
   689 | D:1      | Learned a level 2 spell: Poisonous Vapours
   693 | D:1      | Learned a level 3 spell: Mephitic Cloud
  1001 | D:2      | Reached skill level 5 in Poison Magic
  1461 | D:2      | Reached skill level 1 in Staves
  1461 | D:2      | Reached XP level 4. HP: 30/36 MP: 3/8
  2452 | D:3      | Found a stormy altar of Qazlal.
  2791 | D:4      | Noticed a scorpion
  2796 | D:4      | Noticed Grinder
  2799 | D:4      | Killed a scorpion
  2800 | D:4      | Reached XP level 5. HP: 36/42 MP: 7/10
  2811 | D:4      | Paralysed by Grinder for 3 turns
  2821 | D:4      | Slain by Grinder

Illustrated notes

Levels and vault maps discovered:
D:1:      saegor_arrival_simple_a, layout_rooms
D:2:      layout_loops_cross, grunt_ministairs_14, nicolae_figureground_sparkle
D:3:      layout_basic, nicolae_overflow_crystal_walls, serial_bayou,
          serial_bayou_shore_b, serial_bayou_lake_a, serial_bayou_lagoon_a,
          serial_bayou_shore_b
D:4:      layout_cave_pools, lemuel_round_altar, serial_forest,
          infiniplex_forest_clump_long, infiniplex_forest_straight_4,
          infiniplex_forest_clump_double, infiniplex_forest_lined_2,
          infiniplex_forest_straight_3, infiniplex_forest_lined_2,
          infiniplex_forest_lined_3, infiniplex_forest_zigzag_1, uniq_grinder

Skill      XL: |  1  2  3  4 |
---------------+-------------+-----
Poison Magic   | 5 |  5.8
Staves         | 1 2 |  2.1
Spellcasting   | 3 |  3.4
Dodging        | |  1.5
Stealth        | |  3.0
Transmutations | |  1.0

Action                     |  1- 3 |  4- 6 || total
---------------------------+-------+-------++-------
  Melee: Trident           |    18 |       ||    18
         Unarmed           |     1 |       ||     1
         Lajatang          |     8 |    22 ||    30
   Cast: Sting             |    48 |    33 ||    81
         Poisonous Vapours |       |     9 ||     9
    Use: Scroll            |     7 |     3 ||    10
         Potion            |       |     2 ||     2
 Armour: Robe              |    13 |    18 ||    31
  Dodge: Dodged            |    31 |    25 ||    56
